 Dungeon Crawl Stone Soup version 0.19-a0-965-g50bf062 (webtiles) character file.

135 mrath the Cudgeler (level 4, -1/40 HPs)
             Began as a Minotaur Fighter on July 12, 2016.
             Slain by Crazy Yiuf
             ... wielding a +3 quarterstaff of chaos
              (11 damage)
             ... on level 2 of the Dungeon.
             The game lasted 00:05:38 (1704 turns).

mrath the Cudgeler (Minotaur Fighter)               Turns: 1704, Time: 00:05:39

Health: -1/40      AC:  7    Str: 27    XL:     4   Next: 96%
Magic:  3/3        EV:  8    Int:  5    God:
Gold:   117        SH: 10    Dex:  9    Spells: 0 memorised, 3 levels left

rFire  . . .     SeeInvis .     a - +0 flail
rCold  . . .     Gourm    .     b - +0 scale mail
rNeg   . . .     Faith    .     c - +0 shield
rPois  .         Spirit   .     (helmet restricted)
rElec  .         Dismiss  .     (no cloak)
rCorr  .         Reflect  .     (no gloves)
SustAt .         Harm     .     (no boots)
MR     .....                    (no amulet)
Stlth  ..........               (no ring)
                                (no ring)

@: mighty, very slightly contaminated, slowed, invisible, very slow, not
resistant to hostile enchantments, extremely unstealthy
A: retaliatory headbutt, horns 2
a: no special abilities


You were on level 2 of the Dungeon.
You were not hungry.

You visited 1 branch of the dungeon, and saw 2 of its levels.

You collected 117 gold pieces.

Inventory:

Hand Weapons
 a - a +0 flail (weapon)
Missiles
 m - 13 stones (quivered)
 p - 25 sling bullets
Armour
 b - a +0 scale mail (worn)
 c - a +0 shield (worn)
Jewellery
 k - an uncursed ring of flight {unknown}
 t - a cursed ring of loudness {unknown}
Wands
 q - a wand of enslavement (8/24)
Scrolls
 e - 4 scrolls of identify {unknown}
 h - 3 scrolls of remove curse {unknown}
 j - a scroll of enchant armour {unknown}
 n - a scroll of teleportation {unknown}
 s - a scroll of fog {unknown}
 w - a scroll of blinking {unknown}
Potions
 i - 2 potions of curing {unknown}
 o - a potion of cure mutation {unknown}
 r - a potion of haste {unknown}
Comestibles
 f - 2 bread rations
 g - 3 meat rations
 l - 2 chunks of flesh
 u - a beef jerky
 v - 4 fruits


   Skills:
 + Level 3.8 Fighting
 + Level 5.5 Maces & Flails
 + Level 3.7 Armour
 + Level 0.7 Dodging
 + Level 3.9 Shields
 + Level 0.8 Evocations


You had 3 spell levels left.
You didn't know any spells.

Dungeon Overview and Level Annotations

Branches:
Dungeon (2/15)

Altars:

Annotations:
D:2 Crazy Yiuf


Innate Abilities, Weirdness & Mutations

You reflexively headbutt those who attack you in melee.
You have a pair of horns on your head.


Message History

Crazy Yiuf barely misses you.
Crazy Yiuf hits you with a quarterstaff of chaos!
Crazy Yiuf freezes you.
You barely miss Crazy Yiuf.
Crazy Yiuf is lightly wounded.
Crazy Yiuf completely misses you.
Your scale mail prevents you from hitting Crazy Yiuf.
Crazy Yiuf is lightly wounded.
Crazy Yiuf closely misses you.
Crazy Yiuf hits you with a quarterstaff of chaos.
* * * LOW HITPOINT WARNING * * *
Crazy Yiuf freezes you.
* * * LOW HITPOINT WARNING * * *
You feel very mighty all of a sudden. You block Crazy Yiuf's attack.
You barely miss Crazy Yiuf.
Crazy Yiuf is lightly wounded.
Crazy Yiuf says, "Hack!
Cards canine koolooloo."
Crazy Yiuf hits you with a quarterstaff of chaos!
You die...

#### ♣♣######
#)..#♣♣ ♣♣......#
#..g@.♣♣♣♣P......#
###########
#...#♣..♣......#.#
..........# ####
♣♣♣.♣....##.####
###.......#
♣♣♣♣♣####.....
..........# #.####
..).####### ###
#.# #####
#.#######.#
#.........#
###########


You could see Crazy Yiuf.

Vanquished Creatures
  Jessica (D:2)
  Ijyb (D:2)
  Terence (D:2)
  An adder (D:2)
  An ooze (D:1)
  3 dart slugs
  A giant gecko (D:1)
  3 bats
  2 giant cockroaches
  5 goblins
  4 hobgoblins
  4 jackals (D:1)
  A quokka (D:2)
  A ball python (D:1)
  6 kobolds
  4 rats (D:1)
39 creatures vanquished.

Notes
Turn   | Place    | Note
-------+----------+-------------------------------------------
     0 | D:1      | mrath the Minotaur Fighter began the quest for the Orb.
     0 | D:1      | Reached XP level 1. HP: 19/19 MP: 0/0
   261 | D:1      | Reached skill level 3 in Maces & Flails
   261 | D:1      | Reached XP level 2. HP: 26/26 MP: 1/1
   491 | D:1      | Reached skill level 4 in Maces & Flails
   787 | D:1      | Reached XP level 3. HP: 30/31 MP: 2/2
  1118 | D:2      | Noticed Jessica
  1137 | D:2      | Killed Jessica
  1137 | D:2      | Reached skill level 5 in Maces & Flails
  1137 | D:2      | Reached XP level 4. HP: 39/39 MP: 3/3
  1147 | D:2      | Noticed Terence
  1152 | D:2      | Killed Terence
  1688 | D:2      | Found a runed door.
  1692 | D:2      | Noticed Crazy Yiuf
  1692 | D:2      | Noticed Ijyb
  1695 | D:2      | Killed Ijyb
  1704 | D:2      | Slain by Crazy Yiuf

Vault maps used:
D:1:      dpeg_arrival_round_c, minmay_cupped
D:2:      uniq_crazy_yiuf_cottage, uniq_jessica, uniq_terence, uniq_iyjb

Skill      XL: |  1  2  3 |
---------------+----------+-----
Maces & Flails | 3 4 5 |  5.5
Fighting       | |  3.8
Armour         | |  3.7
Dodging        | |  0.7
Shields        | |  3.9
Evocations     | |  0.8

Action                   |  1- 3 |  4- 6 || total
-------------------------+-------+-------++-------
Melee: Flail             |    75 |    37 ||   112
       Headbutt          |    10 |     5 ||    15
  Use: Potion            |       |     1 ||     1
  Eat: Chunk             |     1 |     2 ||     3
Armor: Scale mail        |    39 |    10 ||    49
Dodge: Dodged            |    15 |    12 ||    27
Block: Shield            |    34 |    16 ||    50
